 Dungeon Crawl Stone Soup version 0.31-a0-149-g3fdcc5976a (webtiles) character file.

Game seed: 17281337640919190937

447 qw the Skirmisher (level 6, -2/55 HPs)
             Began as a Minotaur Hunter on June 7, 2023.
             Slain by Eustachio
             ... wielding a +3 antimagic rapier
              (4 damage)
             ... on level 3 of the Dungeon.
             The game lasted 00:01:55 (3935 turns).

qw the Skirmisher (Minotaur Hunter)                 Turns: 3935, Time: 00:01:55

Health: -2/55      AC:  5    Str: 16      XL:     6   Next: 73%
Magic:  1/5        EV: 11    Int:  6      God:
Gold:   175        SH:  0    Dex: 14 (15) Spells: 5/5 levels left

rFire   . . .        Y - +0 shortbow
rCold   . . .        (shield currently unavailable)
rNeg    . . .        g - +0 ring mail
rPois   .            (helmet restricted)
rElec   .            (no cloak)
rCorr   +            (no gloves)
SInv    .            (no boots)
Will    .....        (no amulet)
Stlth   +            a - ring of resist corrosion
HPRegen 0.29/turn    (no ring)
MPRegen 0.09/turn

%: no passive effects
@: no status effects
A: horns 2, retaliatory headbutt
a: no special abilities


You were on level 3 of the Dungeon.
You visited 1 branch of the dungeon, and saw 4 of its levels.

You collected 197 gold pieces.
You spent 22 gold pieces at shops.


Innate Abilities, Weirdness & Mutations

You have a pair of horns on your head.
You reflexively headbutt those who attack you in melee.


   Skills:
 + Level 4.8 Fighting
 - Level 8.0 Ranged Weapons
 - Level 1.0 Armour
 - Level 2.1 Dodging
 - Level 0.7 Stealth


You had 5 spell levels left.
You didn't know any spells.
Your spell library was empty.

Inventory:

Hand Weapons
 Y - a +0 shortbow (weapon)
Armour
 g - a +0 ring mail (worn)
Jewellery
 a - a ring of resist corrosion (left hand)
Scrolls
 h - a scroll of identify
Potions
 b - 2 potions of curing
 c - a potion of cancellation

Dungeon Overview and Level Annotations

Branches:
Dungeon (4/15)
 Temple: D:4-7

Altars:
Ru
Trog
Xom

Shops:
D:1 ?

Annotations:
D:3 Eustachio


Message History

You shoot an arrow.
The arrow hits Eustachio but does no damage.
Eustachio is severely wounded.
Eustachio barely misses you.
Eustachio hits you with a +3 antimagic rapier.
You shoot an arrow. The arrow barely misses Eustachio.
The arrow hits the iron imp but does no damage.
The iron imp is moderately wounded.
Eustachio casts a spell.
Eustachio blinks!
You shoot an arrow.
The arrow hits Eustachio but does no damage.
Eustachio is severely wounded.
Eustachio hits you with a +3 antimagic rapier!
You shoot an arrow. The arrow closely misses Eustachio.
The iron imp hits you!
Eustachio casts a spell.
Eustachio blinks!
You shoot an arrow. The arrow hits the iron imp.
The iron imp is heavily wounded.
The iron imp hits you!
You shoot an arrow. The arrow closely misses the iron imp.
The arrow closely misses the quasit.
Eustachio gestures wildly while chanting.
The iron imp hits you but does no damage.
You shoot an arrow. The arrow hits the iron imp!
You kill the iron imp!
The iron imp disappears in a puff of smoke!
The quasit disappears in a puff of smoke!
Eustachio mumbles some strange words.
Eustachio blinks!
You shoot an arrow. The arrow hits Eustachio.
Eustachio is severely wounded.
Eustachio barely misses you. You furiously retaliate!
You headbutt Eustachio.
The shadow imp shouts, "Take thy face hence, thou churlish full-gorged gonus!"
You shoot an arrow.
The arrow hits Eustachio but does no damage.
Eustachio is almost dead.
Eustachio hits you with a +3 antimagic rapier.
You die...

.....................#
........@#############
.........#
.........#########
#######>.@.......#
################.#
..#)........# #ยค#
#.#.#######.# #.#
#.#.#<....#.####@#
#.#.#.....#.555@.#
#.#.#.############
#.#.#............#
#.#.############.#
#.#.# #.# #.#.# #.#
#.#.# #.# #.#.# #.#


You could see Eustachio, an iron imp (summoned) and 2 shadow imps.

Vanquished Creatures
  Menkaure (D:4)
  A howler monkey (D:3)
  A hound (D:3)
  2 orc priests
  An iguana (D:4)
  An orc wizard (D:3)
  Robin (D:4)
  4 adders
  A worm (D:2)
  2 dart slugs
  14 orcs
  9 bats
  8 endoplasms
  3 giant cockroaches
  12 goblins
  14 hobgoblins
  3 jackals (D:2)
  2 quokkas
  5 ball pythons
  2 frilled lizards
  10 kobolds
  8 rats
105 creatures vanquished.

Notes
Turn   | Place    | Note
-------+----------+-------------------------------------------
     0 | D:1      | qw the Minotaur Hunter began the quest for the Orb.
     0 | D:1      | Reached XP level 1. HP: 18/18 MP: 0/0
     0 | D:1      | 0 ||| qw: Version: 0.2-a-117-gc6b5c8b
     0 | D:1      | 0 ||| qw: Game counter: 2685
     0 | D:1      | 0 ||| qw: Always use a shield: true
     0 | D:1      | 0 ||| qw: God list: Okawaru
     0 | D:1      | 0 ||| qw: Allow faded altars: false
     0 | D:1      | 0 ||| qw: Do Orc after D:15 true
     0 | D:1      | 0 ||| qw: Do second Lair branch before Depths: true
     0 | D:1      | 0 ||| qw: Lair rune preference: random
     0 | D:1      | 0 ||| qw: Plans: Normal
     0 | D:1      | 0 ||| PLANNING D:1-11
    44 | D:1      | Reached XP level 2. HP: 19/25 MP: 1/1
    51 | D:1      | HP: 6/25 [rat (1)]
   147 | D:1      | Reached skill level 5 in Ranged Weapons
   293 | D:1      | Reached skill level 3 in Fighting
   479 | D:1      | Found The Oracle's Delphic Readings.
   483 | D:1      | 483 ||| SHOPLISTING scroll of enchant weapon (82 gold, have
                  | 24).
   483 | D:1      | 483 ||| BUYING scroll of identify (22 gold).
   483 | D:1      | Bought a scroll of identify for 22 gold pieces
   483 | D:1      | 483 ||| SHOPLISTING scroll of identify (22 gold, have 2).
   503 | D:1      | Reached XP level 3. HP: 31/31 MP: 2/2
   680 | D:1      | 680 ||| UPGRADING to +0 ring mail.
   690 | D:1      | 690 ||| DROPPING +0 leather armour.
   691 | D:1      | 691 ||| READING scroll labelled LEULUL WIXT.
   692 | D:1      | 692 ||| READING scroll labelled NIRUPHALO.
   693 | D:1      | 693 ||| READING 2 scrolls of identify.
   693 | D:1      | 693 ||| IDENTIFYING purple potion
   694 | D:1      | 694 ||| DROPPING scroll of butterflies.
   695 | D:1      | 695 ||| DROPPING potion of lignification.
   845 | D:2      | Reached skill level 1 in Armour
   936 | D:2      | 936 ||| FLEEEEING.
  1013 | D:2      | Reached XP level 4. HP: 31/38 MP: 3/3
  1533 | D:2      | 1533 ||| READING scroll labelled OPUIST PELIH.
  1799 | D:3      | Reached skill level 6 in Ranged Weapons
  1891 | D:3      | 1891 ||| UPGRADING to ring of resist corrosion.
  1892 | D:3      | 1892 ||| READING scroll labelled ZORATE KUEPRI.
  1894 | D:3      | 1894 ||| Stepping ~*~*~tactically~*~*~ (cloud).
  2289 | D:3      | Found a bloodstained altar of Trog.
  2304 | D:3      | Reached XP level 5. HP: 36/46 MP: 4/4
  2341 | D:3      | Found a sacrificial altar of Ru.
  2343 | D:3      | Found a shimmering altar of Xom.
  2379 | D:3      | Reached skill level 7 in Ranged Weapons
  2390 | D:3      | 2390 ||| DRINKING 2 yellow potions.
  2513 | D:4      | Noticed Menkaure
  2520 | D:4      | HP: 3/46 [orc priest/nerve-wracking pain (11)]
  2522 | D:4      | Killed Menkaure
  2523 | D:4      | Reached XP level 6. HP: 4/52 MP: 5/5
  2526 | D:4      | 2526 ||| FLEEEEING.
  2527 | D:4      | 2527 ||| FLEEEEING.
  2539 | D:4      | 2539 ||| FLEEEEING.
  2541 | D:4      | 2541 ||| FLEEEEING.
  2542 | D:4      | 2542 ||| FLEEEEING.
  2543 | D:4      | 2543 ||| STAIRDANCE
  2740 | D:4      | Reached skill level 8 in Ranged Weapons
  2740 | D:4      | Noticed Robin
  2743 | D:4      | 2743 ||| FLEEEEING.
  2747 | D:4      | 2747 ||| FLEEEEING.
  2750 | D:4      | 2750 ||| FLEEEEING.
  2751 | D:4      | 2751 ||| FLEEEEING.
  2752 | D:4      | 2752 ||| FLEEEEING.
  2753 | D:4      | 2753 ||| FLEEEEING.
  2769 | D:4      | Killed Robin
  2798 | D:4      | 2798 ||| FLEEEEING.
  2800 | D:4      | 2800 ||| STAIRDANCE
  2844 | D:4      | 2844 ||| FLEEEEING.
  2848 | D:4      | 2848 ||| FLEEEEING.
  2849 | D:4      | 2849 ||| FLEEEEING.
  2851 | D:4      | 2851 ||| FLEEEEING.
  2853 | D:4      | 2853 ||| STAIRDANCE
  2873 | D:3      | 2873 ||| READING 2 scrolls of identify.
  2873 | D:3      | 2873 ||| IDENTIFYING fizzy inky potion
  3056 | D:4      | Noticed Eustachio
  3069 | D:4      | HP: 10/53 [Eustachio/+3 antimagic rapier (9)]
  3070 | D:4      | 3070 ||| READING scroll of teleportation.
  3072 | D:4      | HP: 1/53 [white imp/puff of frost[Eustachio] (7)]
  3699 | D:4      | 3699 ||| FLEEEEING.
  3700 | D:4      | 3700 ||| FLEEEEING.
  3702 | D:4      | 3702 ||| FLEEEEING.
  3708 | D:4      | 3708 ||| FLEEEEING.
  3709 | D:4      | 3709 ||| FLEEEEING.
  3710 | D:4      | 3710 ||| FLEEEEING.
  3722 | D:4      | 3722 ||| FLEEEEING.
  3723 | D:4      | 3723 ||| FLEEEEING.
  3724 | D:4      | 3724 ||| FLEEEEING.
  3725 | D:4      | 3725 ||| FLEEEEING.
  3726 | D:4      | 3726 ||| FLEEEEING.
  3727 | D:4      | 3727 ||| FLEEEEING.
  3728 | D:4      | 3728 ||| FLEEEEING.
  3729 | D:4      | 3729 ||| FLEEEEING.
  3730 | D:4      | 3730 ||| FLEEEEING.
  3737 | D:4      | 3737 ||| FLEEEEING.
  3738 | D:4      | 3738 ||| FLEEEEING.
  3739 | D:4      | 3739 ||| FLEEEEING.
  3740 | D:4      | 3740 ||| FLEEEEING.
  3741 | D:4      | 3741 ||| STAIRDANCE
  3842 | D:4      | 3842 ||| FLEEEEING.
  3849 | D:4      | 3849 ||| STAIRDANCE
  3852 | D:3      | 3852 ||| FLEEEEING.
  3853 | D:3      | 3853 ||| FLEEEEING.
  3854 | D:3      | 3854 ||| FLEEEEING.
  3855 | D:3      | 3855 ||| FLEEEEING.
  3856 | D:3      | 3856 ||| FLEEEEING.
  3857 | D:3      | 3857 ||| FLEEEEING.
  3858 | D:3      | 3858 ||| FLEEEEING.
  3859 | D:3      | 3859 ||| FLEEEEING.
  3860 | D:3      | 3860 ||| FLEEEEING.
  3861 | D:3      | 3861 ||| FLEEEEING.
  3862 | D:3      | 3862 ||| FLEEEEING.
  3863 | D:3      | 3863 ||| FLEEEEING.
  3864 | D:3      | 3864 ||| FLEEEEING.
  3865 | D:3      | 3865 ||| FLEEEEING.
  3879 | D:3      | 3879 ||| FLEEEEING.
  3880 | D:3      | 3880 ||| FLEEEEING.
  3881 | D:3      | 3881 ||| FLEEEEING.
  3885 | D:3      | 3885 ||| FLEEEEING.
  3886 | D:3      | 3886 ||| FLEEEEING.
  3898 | D:3      | 3898 ||| FLEEEEING.
  3899 | D:3      | 3899 ||| FLEEEEING.
  3904 | D:3      | 3904 ||| FLEEEEING.
  3905 | D:3      | 3905 ||| FLEEEEING.
  3908 | D:3      | 3908 ||| FLEEEEING.
  3909 | D:3      | 3909 ||| FLEEEEING.
  3910 | D:3      | 3910 ||| FLEEEEING.
  3930 | D:3      | HP: 7/55 [iron imp[Eustachio] (7)]
  3931 | D:3      | HP: 1/55 [iron imp[Eustachio] (7)]
  3935 | D:3      | Slain by Eustachio

Levels and vault maps discovered:
D:1:      amcnicky_arrival_gap_in_the_tavern_cellar, layout_basic,
          serial_forest, infiniplex_forest_corner_1,
          infiniplex_forest_straight_3, infiniplex_forest_fountain,
          infiniplex_forest_lined_1, infiniplex_forest_clump_small,
          infiniplex_forest_clump_diagonal, infiniplex_forest_lined_3,
          amcnicky_mini_pool_small, chequers_arboretum, kennysheep_another_room,
          st_stairs_5, nicolae_nh_oracle_at_delphi
D:2:      layout_basic
D:3:      layout_basic, minitemple, chequers_mini_garden, due_unseen_surprise
D:4:      layout_basic, uniq_robin, uniq_menkaure, uniq_eustachio

Skill      XL: |  1  2  3  4  5  6 |
---------------+-------------------+-----
Ranged Weapons | 5 6 7 8 |  8.0
Fighting       | 3 4 |  4.8
Armour         | 1 |  1.0
Dodging        | |  2.1
Stealth        | |  0.7

Action                     |  1- 3 |  4- 6 || total
---------------------------+-------+-------++-------
   Fire: Shortbow          |   115 |   290 ||   405
    Use: Scroll            |     3 |     4 ||     7
         Potion            |       |     1 ||     1
 Armour: Leather armour    |     8 |       ||     8
         Ring mail         |     8 |    66 ||    74
  Dodge: Dodged            |    44 |   109 ||   153

Table legend:
 A = Non-vault XP
 B = Vault XP
 C = Vault XP percentage of total XP
 D = Non-vault monster count
 E = Vault monster count
 F = Vault count percentage of total count
                 A         B        C        D         E       F
            +---------+---------+-------+---------+---------+-------
      Total |     421 |     218 |  34.1 |      86 |      19 |  18.1
            +---------+---------+-------+---------+---------+-------
        D:1 |      37 |      10 |  21.3 |      24 |       5 |  17.2
        D:2 |      62 |       0 |   0.0 |      19 |       0 |   0.0
        D:3 |     221 |       0 |   0.0 |      24 |       0 |   0.0
        D:4 |     101 |     208 |  67.3 |      19 |      14 |  42.4
            +---------+---------+-------+---------+---------+-------
